[Event "*** Titled Tuesday Blitz"]
[Site "Chess.com"]
[Date "2020.05.12"]
[Round "10"]
[White "GelmanAlexander"]
[Black "Raja3401"]
[Result "0-1"]
[WhiteElo "2592"]
[BlackElo "2791"]
[TimeControl "180+1"]
[EndTime "11:54:06 PDT"]
[Termination "Raja3401 won on time"]

1. c4 e5 2. e3 Nf6 3. a3 d5 4. cxd5 Nxd5 5. Nf3 Nc6 6. d3 Be7 7. b4 a6 8. Bb2 f6 9. Nbd2 O-O 10.
Rc1 Be6 11. Be2 Qe8 12. h4 Rd8 13. Qc2 Kh8 14. h5 Bg4 15. h6 g6 16. Ne4 Bxf3 17.
gxf3 Nb6 18. Qb1 Na4 19. Ba1 f5 20. Rxc6 Qxc6 21. Bxe5+ Kg8 22. Nd2 Qe6 23. f4 Bf6 24. Qa1 b5 25. d4 Bxe5 26. fxe5 f4 27. Bd1 Kh8 28. Bb3 Qg4 29. d5 Qf5 30. e4 Qf7 31.
e6+ Qf6 32. e5 Qg5 33. d6 Qg2 34. Rf1 Qc6 35. e7 Nc3 36. exf8=Q+ Rxf8 37. dxc7 Re8 38. Nf3 Qxf3 39. Kd2 Ne4+ 0-1

[Event "*** Titled Tuesday Blitz"]
[Site "Chess.com"]
[Date "2020.05.12"]
[Round "10"]
[White "Hasangatin_Ramil"]
[Black "sergeikim"]
[Result "1-0"]
[WhiteElo "2566"]
[BlackElo "2440"]
[TimeControl "180+1"]
[EndTime "11:54:06 PDT"]
[Termination "Hasangatin_Ramil won on time"]

1. d4 Nf6 2. Bf4 g6 3. Nc3 d6 4. e4 Bg7 5. Nf3 c6 6. a4 a5 7. Be2 O-O 8. O-O Qc7 9. Qd2 Na6 10. e5 Nd5 11. Nxd5 cxd5 12. exd6 exd6 13. Bh6 Bg4 14. Bxg7 Kxg7 15. c3 Qb6 16. h3 Bxf3 17. Bxf3 Nc7 18. Rfe1 Rfe8 19. Rxe8 Rxe8 20. b4 axb4 21.
cxb4 Ne6 22. Rd1 Qc6 23. Qa2 Nf4 24. g3 Qc3 25. Bxd5 Re2 26. Qc4 Nxh3+ 27. Kg2 Rxf2+ 28.
Kxh3 Qb2 29. Rh1 h5 30. Bxb7 Qd2 31. Qd5 h4 32. Qxd6 hxg3 33. Qe5+ Kg8 34. Qxg3 Re2 35.
Bf3 Re3 36. Rf1 Qxd4 37. Kg2 Qd3 38. Rf2 1-0

[Event "*** Titled Tuesday Blitz"]
[Site "Chess.com"]
[Date "2020.05.12"]
[Round "10"]
[White "Mikhail_Golubev"]
[Black "Oligan22"]
[Result "0-1"]
[WhiteElo "2507"]
[BlackElo "2409"]
[TimeControl "180+1"]
[EndTime "11:54:06 PDT"]
[Termination "Oligan22 won on time"]

1. e4 c5 2. Nf3 e6 3. d4 cxd4 4. Nxd4 Nc6 5. Nc3 Qc7 6. Be3 a6 7. a3 Nf6 8. f4 d6 9. Qf3 Bd7 10. Bd3 Be7 11. O-O-O Rc8 12. Nb3 b5 13. g4 h6 14.
Rhe1 b4 15. axb4 Nxb4 16. h4 a5 17. g5 hxg5 18. hxg5 Nh5 19. g6 fxg6 20. Qg2 a4 21. Qxg6+ Kd8 22. Nd4 Rh6 23. Qf7 a3 24. Qg8+ Be8 25.
Nxe6+ Rxe6 26. Qxe6 axb2+ 27. Kb1 Qxc3 28. Bb6+ Rc7 29.
e5 Nxf4 30. Bxc7+ Qxc7 31. exd6 Qxd6 32. Qxd6+ Bxd6 33. Bf1 Nbd5 34. Re4 Nc3+ 35. Kxb2 Nxe4 36. Re1 Bc6 37. Bd3 Nc5 38. Bh7 Kd7 39. Kc3 Nce6 40. Kb2 Ke7 0-1

[Event "*** Titled Tuesday Blitz"]
[Site "Chess.com"]
[Date "2020.05.12"]
[Round "10"]
[White "Alopekos"]
[Black "Richarzard69"]
[Result "1-0"]
[WhiteElo "2458"]
[BlackElo "2272"]
[TimeControl "180+1"]
[EndTime "11:54:06 PDT"]
[Termination "Alopekos won by checkmate"]

1. e4 e6 2. d4 d5 3. Nc3 Bb4 4. e5 c5 5. a3 Bxc3+ 6. bxc3 Ne7 7. Qg4 Qc7 8. Qxg7 Rg8 9. Qxh7 cxd4 10. Ne2 dxc3 11. f4 Nbc6 12. Qd3 d4 13. Nxd4 Nxd4 14.
Qxd4 Bd7 15. Rg1 Nf5 16. Qf2 Qc6 17. g4 Qe4+ 18. Qe2 Qd4 19. Qf2 Qe4+ 20. Qe2 Qd4 21.
Rg2 Nh4 22. Rg3 Bc6 23. Rh3 Ng6 24. Qf2 Qe4+ 25. Be3 O-O-O 26. Bd3 Rxd3 27. cxd3 Qxd3 28. Rc1 Rd8 29. Qe2 Nxf4 30. Bxf4 Qxh3 31. Bg3 Qh7 32. Rxc3 Qb1+ 33. Kf2 Qb6+ 34. Re3 Kb8 35. h4 Bb5 36. Qe1 Rd3 37. Bf4 Qd4 38. Kg3 Bc6 39. Rxd3 Qxd3+ 40. Qe3 Qf1 41. Qf2 Qh1 42. h5 Qe4 43. h6 Qg6 44. Qd4 Qb1 45. Qd8# 1-0

[Event "*** Titled Tuesday Blitz"]
[Site "Chess.com"]
[Date "2020.05.12"]
[Round "10"]
[White "annacramling"]
[Black "baby_leo"]
[Result "0-1"]
[WhiteElo "1862"]
[BlackElo "2073"]
[TimeControl "180+1"]
[EndTime "11:54:06 PDT"]
[Termination "baby_leo won on time"]

1. d4 Nf6 2. c4 e5 3. Nc3 exd4 4. Qxd4 Nc6 5. Qd2 Bc5 6. e3 O-O 7. Nf3 a5 8. Bd3 Ra6 9. b3 Nb4 10. O-O Rd6 11. Ne1 b6 12. a3 Nxd3 13. Nxd3 Bb7 14.
Qe2 Ne4 15. Nxe4 Bxe4 16. Nxc5 bxc5 17. Rd1 Qg5 18. f3 Rxd1+ 19. Qxd1 Qe5 20. Bd2 Bc2 21. Qe1 Bxb3 22. Bc3 Qe6 23. Bxa5 Bxc4 24. Bxc7 d5 25. Rc1 Re8 26. Bf4 h6 27. h4 d4 28. e4 f5 29. e5 Qd5 30. Qg3 Kh7 31. h5 Qf7 32.
Rxc4 Qxh5 33. Qh2 Qf7 34. Rc1 c4 35. Rd1 d3 0-1

[Event "*** Titled Tuesday Blitz"]
[Site "Chess.com"]
[Date "2020.05.12"]
[Round "10"]
[White "AnishGiri"]
[Black "tioloko"]
[Result "0-1"]
[WhiteElo "3007"]
[BlackElo "2690"]
[TimeControl "180+1"]
[EndTime "11:54:07 PDT"]
[Termination "tioloko won by resignation"]

1. e4 c6 2. d4 d5 3. e5 Bf5 4. Nf3 e6 5. Be2 h6 6. O-O Ne7 7. a4 Nd7 8. a5 a6 9. b4 Bh7 10. c3 g5 11. Na3 Bg7 12. Nc2 O-O 13. Ne3 f6 14. exf6 Nxf6 15. Ne5 Ng6 16. Nxg6 Bxg6 17. Bd3 Bxd3 18. Qxd3 Nd7 19. Ra2 Qf6 20. Re2 Rae8 21. Rfe1 Qf7 22. Ng4 h5 23. Ne5 Nxe5 24. dxe5 Qf5 25.
Qd4 g4 26. Rf1 Qg6 27. Bf4 h4 28. f3 g3 29. h3 Rf5 30. Bc1 Kf7 31. Rfe1 Qh5 32.
c4 Kg8 33. cxd5 exd5 34. f4 Bh6 35. e6 Bg7 36. Qd3 Re7 37. Bd2 Bf6 38. Kh1 Bg7 39. Kg1 Bf6 40. Kh1 Bg7 41. Bc1 Bf6 42. Kg1 Bg7 43.
Rf1 Bf6 44. Rf3 Bg7 45. Kh1 Qg6 46. Re5 Rxe5 47. fxe5 Qxd3 48. Rxd3 Rxe6 49. Bf4 Bxe5 50. Re3 Rf6 51. Rxe5 Rxf4 52. Kg1 Kf7 53. Rh5 Rxb4 54. Rh7+ Ke6 55. Kf1 Ke5 56. Rh5+ Kd6 57. Rh7 0-1

[Event "*** Titled Tuesday Blitz"]
[Site "Chess.com"]
[Date "2020.05.12"]
[Round "10"]
[White "Alexander_Zubov"]
[Black "ElGasanov"]
[Result "0-1"]
[WhiteElo "2834"]
[BlackElo "2752"]
[TimeControl "180+1"]
[EndTime "11:54:07 PDT"]
[Termination "ElGasanov won by resignation"]

1. d4 d6 2. e4 g6 3. Nf3 Nf6 4.
Bd3 Bg7 5. O-O O-O 6. Re1 Nc6 7. d5 Nb4 8. Bf1 a5 9. h3 e6 10. c4 Re8 11. Nc3 exd5 12. cxd5 c6 13. a3 Na6 14. dxc6 bxc6 15. e5 dxe5 16. Qxd8 Rxd8 17.
Nxe5 Re8 18. Bd2 Bb7 19. Na4 Nd5 20. Nc4 Nac7 21. Nxa5 Rxe1 22. Rxe1 Ba6 23. Bxa6 Rxa6 24. Nc5 Rb6 25. b4 f5 26. Nd7 Ra6 27. Nb8 Ra8 28. Nbxc6 Nb5 29. Bc1 Ndc3 30. Kf1 Na2 31. Nc4 h6 32. g3 Kh7 33. h4 Rc8 34. N6e5 Nxc1 35. Rxc1 Bxe5 36. Re1 Rxc4 37. Rxe5 Nxa3 38. Re7+ Kg8 39. Rb7 Kf8 40. Ke2 Nc2 41. Kd3 Rxb4 42.
Rh7 Ne1+ 43. Ke2 Re4+ 44. Kf1 h5 45. Rc7 Nd3 46. Rc3 Ne5 0-1

[Event "*** Titled Tuesday Blitz"]
[Site "Chess.com"]
[Date "2020.05.12"]
[Round "10"]
[White "Orest_Vovk"]
[Black "Berardino"]
[Result "0-1"]
[WhiteElo "2438"]
[BlackElo "2611"]
[TimeControl "180+1"]
[EndTime "11:54:07 PDT"]
[Termination "Berardino won by resignation"]

1. e4 c5 2. Be2 b6 3. d3 Bb7 4. f4 d5 5. Nc3 e6 6. Bf3 Nf6 7. Nge2 dxe4 8. Nxe4 Nc6 9. O-O Be7 10.
Be3 O-O 11. Qd2 Qd7 12. Rae1 Rfd8 13. Qc1 Rac8 14. Kh1 Nd4 15. Nxd4 cxd4 16. Bg1 Nxe4 17. Bxe4 Bxe4 18. Rxe4 Bf6 19. Qd1 Qd5 20. b3 g6 21. Rf2 Rc3 22. Rfe2 Rdc8 23. h3 Qc5 24.
a4 Kg7 25. Bf2 h5 26. Qg1 Rxc2 27. Rxc2 Qxc2 28. Bxd4 Qxd3 29. Bxf6+ Kxf6 30. Re3 Qd2 31. Qa1+ Ke7 32. Qe5 Rc1+ 33. Kh2 Qd6 34. Qg5+ Kf8 35. Qh6+ Kg8 36. Rg3 Rf1 37. Rxg6+ fxg6 38. Qxg6+ Kf8 39.
Qh6+ Ke8 40. Qxh5+ Kd7 41. Qh7+ Kc8 42. Qc2+ Qc7 43. Qh7 Qxf4+ 0-1

[Event "*** Titled Tuesday Blitz"]
[Site "Chess.com"]
[Date "2020.05.12"]
[Round "10"]
[White "Parkas"]
[Black "Keks2017"]
[Result "1-0"]
[WhiteElo "2427"]
[BlackElo "2440"]
[TimeControl "180+1"]
[EndTime "11:54:07 PDT"]
[Termination "Parkas won by resignation"]

1. e4 c5 2. Ne2 d6 3. g3 g6 4.
Bg2 Bg7 5. O-O Nf6 6. c3 O-O 7. d4 Nc6 8. d5 Na5 9. Nd2 b5 10. b3 Bd7 11. Bb2 Qc7 12. c4 bxc4 13. bxc4 Rab8 14. Bc3 Ng4 15. Qc1 Bxc3 16. Qxc3 Rb4 17. f4 Rfb8 18. h3 Nf6 19. e5 Ne8 20. Nc1 Ng7 21. Nd3 R4b7 22. exd6 exd6 23. g4 Qd8 24. Ne4 Ne8 25. f5 Rb4 26. Nxb4 Rxb4 27.
fxg6 hxg6 28. Nd2 Nb7 29. Rab1 Rb6 30. Rxb6 axb6 31. Ne4 Na5 32. Rf2 Bc8 33. Bf1 Ba6 34. g5 Qe7 35. Qe3 Kf8 36. Qf4 Nb7 37. Nf6 Nxf6 38. gxf6 Qd8 39. Qh6+ Ke8 40. Re2+ Kd7 41. Re7+ Kc8 42. Rxf7 Qe8 43. Rf8 1-0

[Event "*** Titled Tuesday Blitz"]
[Site "Chess.com"]
[Date "2020.05.12"]
[Round "10"]
[White "1stSecond"]
[Black "GadimbayliA"]
[Result "1-0"]
[WhiteElo "2728"]
[BlackElo "2826"]
[TimeControl "180+1"]
[EndTime "11:54:08 PDT"]
[Termination "1stSecond won by resignation"]

1. e4 e5 2. Nf3 d5 3. exd5 e4 4. Qe2 Nf6 5. Nc3 Be7 6. Nxe4 O-O 7. Nxf6+ Bxf6 8. Qd3 Re8+ 9. Be2 Na6 10. O-O Nb4 11. Qc4 Nxc2 12. Qxc2 Rxe2 13. Qc4 Re8 14. d4 Bf5 15. Bf4 Rc8 16. Rfe1 Be4 17. Nd2 Bf5 18.
Be5 Bxe5 19. dxe5 c6 20. d6 Be6 21. Qb4 Bd5 22. Qxb7 Rb8 23. Qxa7 Qg5 24. Ne4 Qxe5 25. d7 Red8 26. Nf6+ gxf6 27. Rxe5 fxe5 28. Qc7 f6 29. a4 Kf7 30. a5 Ke7 31. a6 Ra8 32. a7 Rxd7 33.
Qb8 Rd8 34. Qb7+ Ke6 35. Qxh7 c5 36. Qc7 c4 37. Qb6+ Rd6 38. Qc5 Rd7 39. h4 f5 40.
f3 Rg7 41. Ra6+ 1-0

[Event "*** Titled Tuesday Blitz"]
[Site "Chess.com"]
[Date "2020.05.12"]
[Round "10"]
[White "Djager97"]
[Black "Boninknights"]
[Result "1-0"]
[WhiteElo "2434"]
[BlackElo "2262"]
[TimeControl "180+1"]
[EndTime "11:54:08 PDT"]
[Termination "Djager97 won by resignation"]

1. e4 Nc6 2. Nf3 d6 3. h3 Nf6 4.
Nc3 g6 5. d4 Bg7 6. Be3 O-O 7.
Qd2 e5 8. d5 Nd4 9. Nxd4 exd4 10. Bxd4 Nxe4 11. Nxe4 Re8 12. f3 f5 13. Bxg7 Kxg7 14.
Qd4+ Kg8 15. O-O-O fxe4 16. fxe4 Qg5+ 17. Kb1 Qe5 18. Qxe5 Rxe5 19. Bd3 Bd7 20. Rhf1 Rf8 21. Rxf8+ Kxf8 22. Rf1+ Ke7 23. Kc1 g5 24. Kd2 Be8 25. Rf5 Rxf5 26. exf5 Kf6 27. Ke3 Ke5 28. c4 h5 29. g4 h4 30. b4 Bf7 31. a4 b6 32. a5 bxa5 33. bxa5 Bg8 34. Bc2 Bf7 35.
Ba4 Kf6 36. Kd4 Kg7 37. Bd7 Kf6 38. c5 Bg8 39. Be6 Bh7 40. c6 Kg7 41. Kc4 Kf6 42. Kb5 Ke5 43. Ka6 Kf4 44. Kxa7 Kg3 45. Kb7 Kxh3 46.
a6 Kg3 47. a7 h3 48. a8=Q h2 49. Qa1 Kg2 50. f6 h1=Q 51. Qxh1+ Kxh1 52. f7 1-0

[Event "*** Titled Tuesday Blitz"]
[Site "Chess.com"]
[Date "2020.05.12"]
[Round "10"]
[White "fish7728"]
[Black "RianKapriaga"]
[Result "1-0"]
[WhiteElo "2076"]
[BlackElo "2209"]
[TimeControl "180+1"]
[EndTime "11:54:08 PDT"]
[Termination "fish7728 won on time"]

1. d4 Nf6 2. c4 e6 3. Nc3 Bb4 4. f3 O-O 5. e4 Ne8 6. Be3 b6 7. Bd3 Bxc3+ 8. bxc3 Nc6 9. Ne2 Na5 10. O-O Nd6 11.
c5 Ndc4 12. Bf2 Ba6 13. cxb6 cxb6 14. Rb1 Qc7 15. f4 Rac8 16. e5 Bb7 17. Ng3 g6 18. f5 exf5 19. Bxf5 Na3 20. Rc1 Rcd8 21. Nh5 Qc6 22.
Nf6+ Kg7 23. Be4 d5 24. Bd3 N3c4 25. Qg4 Bc8 26. Qh4 h6 27. Rce1 Be6 28. Be3 Nxe3 29. Rxe3 Qxc3 30. Rh3 Qd2 31. Rg3 Nc4 32. Nh5+ Kh7 33.
Qf6 Rg8 34. Nf4 Ne3 35. Rxe3 Qxe3+ 36. Kh1 1-0

[Event "*** Titled Tuesday Blitz"]
[Site "Chess.com"]
[Date "2020.05.12"]
[Round "10"]
[White "vladislavkovalev"]
[Black "kuban1991"]
[Result "1-0"]
[WhiteElo "2904"]
[BlackElo "2745"]
[TimeControl "180+1"]
[EndTime "11:54:09 PDT"]
[Termination "vladislavkovalev won on time"]

1. e4 e6 2. d4 d5 3. Bd3 c5 4.
exd5 exd5 5. Nf3 Nc6 6. O-O c4 7. Re1+ Be7 8. Bf1 Nf6 9. b3 cxb3 10. axb3 O-O 11. c3 Bg4 12. h3 Bh5 13. Bf4 a5 14. Nbd2 Rc8 15. g4 Bg6 16. Bg2 Ne4 17. Rc1 Qb6 18.
h4 Nxd2 19. Bxd2 Be4 20. h5 Rfe8 21. Nh2 Bd6 22. Bxe4 dxe4 23. Nf1 Qd8 24. Kg2 a4 25. bxa4 Na5 26. Ne3 Qh4 27. Rh1 Qf6 28. c4 Nc6 29. Bc3 Qf4 30. h6 g6 31. Nd5 Qg5 32. Rb1 e3 33.
Qf3 f5 34. Rxb7 Rb8 35. Rg7+ Kh8 36. Qxf5 gxf5 37. Rxg5 f4 38. fxe3 fxe3 39. Re1 Rb3 40. Rg7 e2 41. Nf6 1-0

[Event "*** Titled Tuesday Blitz"]
[Site "Chess.com"]
[Date "2020.05.12"]
[Round "10"]
[White "allvim"]
[Black "Andro2"]
[Result "0-1"]
[WhiteElo "2270"]
[BlackElo "2427"]
[TimeControl "180+1"]
[EndTime "11:54:10 PDT"]
[Termination "Andro2 won by resignation"]

1. e4 a6 2. a4 e5 3. Nf3 Nc6 4. Bc4 Nf6 5. O-O Bc5 6. d4 Bxd4 7. Nxd4 Nxd4 8. Bg5 d6 9. f4 Qe7 10. Na3 Bd7 11. fxe5 dxe5 12. c3 Ne6 13. Bxe6 Qxe6 14. Bxf6 gxf6 15. Qf3 O-O-O 16. Nc2 Rhg8 17. Ne3 Bc6 18.
Rae1 Rg6 19. Nf5 Bxa4 20. Qh3 Kb8 21. Qxh7 Rd2 22. Rf2 Rxf2 23. Kxf2 Qb6+ 24. Ne3 Rg4 25. g3 Qxb2+ 26. Re2 Qxc3 27. Qxf7 Qd4 28. Qxf6 Rxe4 29. Qf8+ Ka7 30. Qa3 Bb5 31. Rc2 b6 32. Rxc7+ Kb8 33.
Rc2 Qd8 34. Qc3 Rd4 35. Nf5 Rd3 36. Qxe5+ Ka8 37. Qe4+ Kb8 38. Qf4+ Ka8 39. Nd6 Rxd6 40. Qxd6 Qxd6 41. Re2 Qd4+ 42. Re3 Qd2+ 0-1

[Event "*** Titled Tuesday Blitz"]
[Site "Chess.com"]
[Date "2020.05.12"]
[Round "10"]
[White "C_K_G"]
[Black "DaggiGretarsson"]
[Result "0-1"]
[WhiteElo "2046"]
[BlackElo "2546"]
[TimeControl "180+1"]
[EndTime "11:54:11 PDT"]
[Termination "DaggiGretarsson won on time"]

1. e4 g6 2. Nf3 Bg7 3. d4 d6 4. c4 Bg4 5. Be2 Nc6 6. Be3 Bxf3 7. Bxf3 e5 8. dxe5 dxe5 9. Qxd8+ Rxd8 10. Nc3 Nd4 11. Bd1 c6 12. O-O Bh6 13. f4 Bxf4 14. Bxf4 exf4 15. Rxf4 f6 16. e5 f5 17. g4 Ne6 18. Rf2 Ne7 19. gxf5 gxf5 20. Bh5+ Kd7 21. Bf7 Ng5 22. Rd2+ Kc7 23. Rxd8 Rxd8 24. e6 Rd2 25. Rd1 Nf3+ 26. Kf1 Nxh2+ 27. Kg1 Nf3+ 28. Kf1 Rxd1+ 29.
Nxd1 Nd2+ 30. Kf2 Nxc4 31. Kf3 Kd6 32. Kf4 h6 33. b3 Nb6 34. Nf2 Nbd5+ 35. Kg3 Ke5 36.
Nd3+ Kd4 37. Nf2 a5 38. Kh4 Nf6 39. Kg3 Nfd5 40. Kh4 Ke3 41. Nh3 Nf6 42. Kg3 Ne4+ 0-1

[Event "*** Titled Tuesday Blitz"]
[Site "Chess.com"]
[Date "2020.05.12"]
[Round "10"]
[White "viditchess"]
[Black "Sychev_Klementy"]
[Result "1-0"]
[WhiteElo "2966"]
[BlackElo "2873"]
[TimeControl "180+1"]
[EndTime "11:54:12 PDT"]
[Termination "viditchess won by resignation"]

1. d4 Nf6 2. c4 g6 3. Nc3 d5 4.
cxd5 Nxd5 5. e4 Nxc3 6. bxc3 Bg7 7. Be3 c5 8. Nf3 Qa5 9. Qd2 Nc6 10. Rb1 a6 11.
Rc1 cxd4 12. cxd4 Qxd2+ 13. Kxd2 e6 14. h4 O-O 15. Bd3 Rd8 16. e5 h6 17. Rb1 b5 18. Rhc1 Bd7 19. Be4 Rac8 20. Ke2 Bf8 21. Rc2 Nb4 22. Rxc8 Rxc8 23. Rb2 Bc6 24. Bxc6 Rxc6 25. Bd2 Nd5 26. Kd3 Rc4 27. Rc2 Ra4 28. Rc8 Kg7 29. Bxh6+ Kxh6 30. Rxf8 Kg7 31. Rb8 Ra3+ 32.
Ke4 Rxa2 33. Rb7 b4 34. Ng5 Rxf2 35. Nxe6+ Kh6 36. Kxd5 fxe6+ 37. Kxe6 a5 38. d5 Rxg2 39. d6 Kh5 40. d7 Rd2 41. Kf6 b3 42. e6 b2 43.
Rxb2 Rxb2 44. d8=Q 1-0

[Event "*** Titled Tuesday Blitz"]
[Site "Chess.com"]
[Date "2020.05.12"]
[Round "10"]
[White "ChristopherYoo"]
[Black "anon102030"]
[Result "1-0"]
[WhiteElo "2905"]
[BlackElo "2747"]
[TimeControl "180+1"]
[EndTime "11:54:12 PDT"]
[Termination "ChristopherYoo won on time"]

1. e4 e5 2. Nf3 Nc6 3. Bb5 Nge7 4. O-O d6 5. d4 Bd7 6. dxe5 dxe5 7. Bg5 h6 8. Bh4 g5 9. Bg3 Bg7 10. Nc3 O-O 11.
Nd5 Ng6 12. Ne3 Nf4 13. h3 Nd4 14. Bxd7 Qxd7 15. Nf5 Nde2+ 16. Kh2 Rad8 17. Nxg7 Kxg7 18. Bxf4 Nxf4 19. Qxd7 Rxd7 20. g3 Ng6 21. Rad1 Rfd8 22. Rxd7 Rxd7 23. Kg2 Kf6 24. Re1 Nf8 25. Re3 Ne6 26. Ra3 a6 27. Ra5 c5 28. Ra3 h5 29. Ne1 Rd1 30. Nd3 c4 31. Nb4 Nc5 32. Nd5+ Kg6 33. Rf3 Nxe4 34. Ne7+ Kg7 35. Nf5+ Kg6 36.
Ne7+ Kg7 37. Nf5+ Kf8 38. Ne3 Rd2 39. Nxc4 Rxc2 40. Nxe5 f6 41. Nd3 Kg7 42. Re3 Nd6 43. Re6 Kg6 44. Rxd6 Kf5 45. Kf3 Rd2 46. g4+ hxg4+ 47.
hxg4+ Kg6 48. Ne5+ 1-0

[Event "*** Titled Tuesday Blitz"]
[Site "Chess.com"]
[Date "2020.05.12"]
[Round "10"]
[White "Fy_Rakotomaharo"]
[Black "Khamrakulov_Djurabek"]
[Result "0-1"]
[WhiteElo "2652"]
[BlackElo "2810"]
[TimeControl "180+1"]
[EndTime "11:54:13 PDT"]
[Termination "Khamrakulov_Djurabek won by resignation"]

1. e4 c6 2. Nf3 d5 3. d3 g6 4.
e5 c5 5. d4 Nc6 6. dxc5 Qa5+ 7.
Nc3 e6 8. Bb5 Bxc5 9. O-O Bd7 10.
a3 Qc7 11. Bf4 h6 12. Qd2 O-O-O 13. b4 Bf8 14. Nxd5 exd5 15. e6 Bd6 16. exd7+ Rxd7 17. Bxd6 Rxd6 18. Bxc6 Rxc6 19. Qd4 Nf6 20. Qxa7 Rxc2 21.
Qd4 Qc3 22. Qa7 Ne4 23. Rad1 Rd8 24. Nd4 Nd2 25. Qa8+ Kc7 26. Nb5+ Kc6 27. Qxd8 Kxb5 28. Qxd5+ Ka4 29. Qa5+ Kb3 30. Rfe1 Qd4 31. Re3+ Ka2 32. Qe5 Nf3+ 33. gxf3 Qxd1+ 34. Kg2 Qd2 35. Kh3 Qxf2 36. Qd5+ Ka1 37. Qd1+ Kb2 38. Qd4+ Ka2 39. Qd5+ Kb1 40. Qd1+ Rc1 41. Rb3+ Ka2 42. Qd3 Rc2 43. Kg4 Qg2+ 44.
Kf4 Qg5+ 45. Ke4 Qf5+ 46. Kd4 Qf6+ 47. Ke4 Qe6+ 48. Kd4 Qd6+ 49. Ke4 f5+ 50. Ke3 Qe5+ 0-1

[Event "*** Titled Tuesday Blitz"]
[Site "Chess.com"]
[Date "2020.05.12"]
[Round "10"]
[White "letantha"]
[Black "calin_dragomirescu"]
[Result "0-1"]
[WhiteElo "2153"]
[BlackElo "2289"]
[TimeControl "180+1"]
[EndTime "11:54:13 PDT"]
[Termination "calin_dragomirescu won on time"]

1. e4 g6 2. d4 Bg7 3. Nf3 d6 4. c3 a6 5. Bd3 b5 6. O-O Bb7 7. Be3 Nd7 8. Nbd2 c5 9. a4 c4 10. Bc2 Ngf6 11. h3 O-O 12. Re1 e5 13. Qe2 Nh5 14. g4 Nf4 15. Bxf4 exf4 16. d5 h6 17. Nd4 Ne5 18. f3 Qh4 19. Qg2 h5 20. Nf1 bxa4 21. Bxa4 Bc8 22. Nh2 Nd3 23. Re2 hxg4 24. hxg4 Bxd4+ 25. cxd4 Qf6 26. Bc6 Qxd4+ 27. Kh1 Rb8 28. Ra2 Bb7 29.
Bxb7 Rxb7 30. Rxa6 Rfb8 31. Rxd6 Rxb2 32. Rd8+ Kg7 33.
Rxb8 Rxb8 34. Nf1 Rh8+ 35. Nh2 c3 36. Qg1 Qc4 37. Kg2 c2 38. Qa1+ Kh7 39. Qa7 Rf8 40. Qa3 Kg7 41. Qa1+ Kg8 42. Rxc2 Qxc2+ 43. Kh3 Nf2+ 44.
Kh4 Nxe4 45. fxe4 Qxh2+ 46. Kg5 Qh8 47. Qxh8+ Kxh8 48. Kxf4 Kg7 49. e5 Ra8 0-1

[Event "*** Titled Tuesday Blitz"]
[Site "Chess.com"]
[Date "2020.05.12"]
[Round "10"]
[White "Gajuchess"]
[Black "AryanTari"]
[Result "0-1"]
[WhiteElo "2701"]
[BlackElo "2912"]
[TimeControl "180+1"]
[EndTime "11:54:14 PDT"]
[Termination "AryanTari won on time"]

1. d4 Nf6 2. c4 e6 3. Nf3 d5 4. Nc3 Be7 5. Bf4 O-O 6. e3 Nbd7 7. c5 Nh5 8. Bd3 Nxf4 9. exf4 b6 10. b4 a5 11. a3 c6 12. O-O Ba6 13. Re1 Bf6 14. Qc2 Bxd3 15. Qxd3 Ra7 16. Rec1 Qa8 17. Rab1 axb4 18.
axb4 Ra3 19. Ne5 Bxe5 20. fxe5 bxc5 21. bxc5 f6 22. exf6 Nxf6 23. Qe2 Kh8 24. Qxe6 Re8 25. Qd6 Rxc3 26. Rxc3 Ne4 27. Ra3 Qxa3 28. Qxc6 Nf6 29. h3 h6 30. Qd6 Kh7 31. Qf4 Qd3 32. Rc1 Qe4 33. Qd2 Rc8 34. c6 Qe6 35. Qc2+ Kh8 36.
Qc5 Ne4 37. Qa3 Qf6 38. Rc2 Qxd4 39. Qa6 Qd1+ 40. Kh2 Rf8 41. Qa4 Qd3 42. c7 Rc8 0-1

[Event "*** Titled Tuesday Blitz"]
[Site "Chess.com"]
[Date "2020.05.12"]
[Round "10"]
[White "alexsergeyev"]
[Black "GM_DarwinLaylo"]
[Result "0-1"]
[WhiteElo "2360"]
[BlackElo "2514"]
[TimeControl "180+1"]
[EndTime "11:54:14 PDT"]
[Termination "GM_DarwinLaylo won on time"]

1. c4 e5 2. Nc3 Nf6 3. Nf3 Nc6 4. d3 Bc5 5. e3 O-O 6. Be2 Re8 7. O-O d6 8. a3 a5 9. Re1 h6 10. Qc2 Bf5 11. e4 Bh7 12. Be3 b6 13. Nd5 Bxe3 14. Nxe3 Nd7 15. Rab1 a4 16. Rbd1 Nc5 17. g3 Nb3 18.
Nh4 Ncd4 19. Qc3 Qg5 20. Nd5 Rac8 21. f4 exf4 22. Nxf4 Qe5 23. Nf3 Nxf3+ 24. Bxf3 Nd4 25. Bg2 c5 26. Qd2 b5 27. Qf2 Rb8 28. Rf1 bxc4 29.
dxc4 Rb3 30. Nd3 Qe7 31. Nf4 f6 32. Nd5 Qe5 33. Nc3 Ra8 34. Rd2 Kh8 35. Rfd1 Bg8 36. Rxd4 cxd4 37. Rxd4 Rab8 38. Rd2 Rxc3 39. bxc3 Bxc4 40.
Bf3 Rb1+ 41. Kg2 Bf1+ 0-1

[Event "*** Titled Tuesday Blitz"]
[Site "Chess.com"]
[Date "2020.05.12"]
[Round "10"]
[White "peixe64"]
[Black "dopolian"]
[Result "1-0"]
[WhiteElo "2195"]
[BlackElo "2304"]
[TimeControl "180+1"]
[EndTime "11:54:14 PDT"]
[Termination "peixe64 won by resignation"]

1. d4 Nf6 2. c4 c5 3. dxc5 e6 4. Nc3 Bxc5 5. e4 Nc6 6. Nf3 Ng4 7. Bg5 f6 8. Bh4 Qb6 9. Qd2 Nce5 10. Nxe5 fxe5 11. h3 Nf6 12. Be2 O-O 13. Bf3 Bd4 14. O-O d6 15. Rab1 Bd7 16. Ne2 Bc6 17. Nxd4 Qxd4 18. Rbd1 Qxd2 19. Rxd2 Bxe4 20. Bxf6 Bxf3 21. Be7 Rf7 22. Bxd6 Bc6 23. Bxe5 Raf8 24. f4 Re8 25. Rfd1 Rf5 26. b4 Rff8 27. b5 Be4 28. Rd4 Bf5 29. Rd7 Rf7 30. Kf2 Ree7 31. Rd8+ Rf8 32. Rxf8+ Kxf8 33. Bd6 Ke8 34. Bxe7 Kxe7 35. g4 Be4 36. Ke3 Bc2 37. Rd2 Bg6 38. Kd4 Bb1 39. Ke5 h6 40. Rd6 Bxa2 41. Rxe6+ Kd7 42. Rd6+ Ke7 43. Rd4 Bb1 44.
h4 Kf7 45. f5 Ke7 46. g5 a6 47. f6+ gxf6+ 48. gxf6+ Kf7 49. Rd7+ Kg6 50. Rg7+ Kh5 51. f7 Bg6 52. f8=Q axb5 53. Qf3+ Kxh4 54. Rxg6 1-0

[Event "*** Titled Tuesday Blitz"]
[Site "Chess.com"]
[Date "2020.05.12"]
[Round "10"]
[White "Vaathi_Coming"]
[Black "Grandelicious"]
[Result "0-1"]
[WhiteElo "2851"]
[BlackElo "2758"]
[TimeControl "180+1"]
[EndTime "11:54:15 PDT"]
[Termination "Grandelicious won by checkmate"]

1. e4 c5 2. Nf3 d6 3. Bb5+ Nd7 4. Ba4 Nf6 5. Qe2 e5 6. O-O Be7 7. c3 O-O 8. d4 Qc7 9. Bb3 a6 10. a4 b6 11. Na3 Bb7 12. d5 Ne8 13. Be3 g6 14. Nd2 Ng7 15. f3 f5 16. Bc2 Qd8 17. b4 Bg5 18. Bf2 Nh5 19. g3 Bc8 20. Nac4 Qe7 21. bxc5 bxc5 22. exf5 Bxd2 23. Qxd2 gxf5 24. Qh6 Ndf6 25. Nb6 Rb8 26. Nxc8 Rbxc8 27. Bxf5 Rb8 28. Rab1 Ng7 29. Bd3 Rxb1 30. Rxb1 e4 31. fxe4 Ng4 32. Qc1 Nxf2 33. Qe3 Nxd3 34. Qxd3 Qf6 35. Rb2 Nh5 36. Qxa6 Qxc3 37. Qe2 Nf6 38. Ra2 Nxe4 39. a5 Qd4+ 40. Kh1 Nc3 41. Qe6+ Kh8 42. Ra1 Ne4 43. Re1 Nf2+ 44.
Kg2 Ng4 45. Re2 Qd1 46. Qxg4 Qf1# 0-1

[Event "*** Titled Tuesday Blitz"]
[Site "Chess.com"]
[Date "2020.05.12"]
[Round "10"]
[White "Quaternitychess"]
[Black "IMTominho"]
[Result "1/2-1/2"]
[WhiteElo "2708"]
[BlackElo "2832"]
[TimeControl "180+1"]
[EndTime "11:54:15 PDT"]
[Termination "Game drawn by repetition"]

1. e4 e5 2. Nf3 Nf6 3. Nxe5 d6 4. Nf3 Nxe4 5. d4 d5 6. Bd3 Nc6 7. O-O Be7 8. Re1 Bf5 9. c4 O-O 10. a3 Re8 11. Bf4 Bf6 12. cxd5 Qxd5 13. Nc3 Nxc3 14. Rxe8+ Rxe8 15. bxc3 Bxd3 16. Qxd3 Qd7 17. h3 Ne7 18. Rb1 c6 19. c4 Rd8 20. g4 h6 21. a4 Bxd4 22. Nxd4 Qxd4 23. Qxd4 Rxd4 24. Rxb7 Rxf4 25. Rxe7 a5 26. Ra7 Rxc4 27. Rxa5 Rc3 28. Kg2 Ra3 29. h4 c5 30. Kf1 Ra2 31. Ke1 g6 32. h5 gxh5 33. gxh5 c4 34. f3 Kg7 35. Kd1 c3 36. Kc1 Kf6 37. f4 Rf2 38. Ra6+ Kg7 39. a5 Rxf4 40. Kc2 Rc4 41. Rd6 Ra4 42. a6 Ra3 43.
Rc6 Kh7 44. Kd3 Kg7 45. Kc2 Kh7 46. Kd3 Kg7 47. Kc2 1/2-1/2